 Dungeon Crawl Stone Soup version 0.32-a0-871-ge202e49faa (webtiles) character file.

Game seed: 717157808781426268

754 Autsider the Caller (level 7, -2/32 HPs)
             Began as a Felid Summoner on Mar 29, 2024.
             Killed from afar by a steam dragon (19 damage)
             ... with a ball of steam
             ... on level 4 of the Dungeon.
             The game lasted 00:13:35 (4058 turns).

Autsider the Caller (Felid Summoner)                Turns: 4058, Time: 00:13:36

Health: -2/32      AC:  2    Str:  4    XL:     7   Next: 49%
Magic:  11/15      EV: 16    Int: 20    God:
Gold:   251        SH:  0    Dex: 17    Spells: 6/16 levels left
                                        Lives:  0   Deaths: 3

rFire   . . .        (weapon unavailable)
rCold   . . .        (shield unavailable)
rNeg    . . .        (body armour unavailable)
rPois   .            (helmet unavailable)
rElec   .            (cloak unavailable)
rCorr   .            (gloves unavailable)
SInv    +            (boots unavailable)
Will    +....        (no amulet)
Stlth   ++           (no ring)
HPRegen 0.25/turn    (no ring)
MPRegen 0.14/turn

%: no passive effects
@: inugami summoned
A: very small, claws 1, fangs 3, see invisible, shaggy fur 2, stealthy paws, no
weapons or thrown items, no armour, multi-lived
a: no special abilities


You were on level 4 of the Dungeon.
You visited 1 branch of the dungeon, and saw 5 of its levels.

You collected 251 gold pieces.

Inventory:

Jewellery
 q - a +4 ring of protection
Wands
 r - a wand of acid (4)
Scrolls
 f - a scroll of summoning {unknown}
 g - 2 scrolls of identify {unknown}
 h - a scroll of immolation {unknown}
 i - 2 scrolls of enchant armour {unknown}
 k - a scroll of torment {unknown}
 l - a scroll of teleportation {unknown}
Potions
 a - a potion of magic
 b - a potion of degeneration {unknown}
 c - 4 potions of curing {unknown}
 d - a potion of attraction {unknown}
 e - a potion of resistance {unknown}
 j - a potion of haste {unknown}
 m - 2 potions of cancellation {unknown}
 n - 2 potions of lignification {unknown}
 o - a potion of heal wounds {unknown}
 p - a potion of ambrosia {unknown}


   Skills:
 - Level 2.6 Dodging
 - Level 2.6 Stealth
 + Level 5.2 Spellcasting
 + Level 6.7 Summonings
 + Level 2.9 Fire Magic


You had 6 spell levels left.
You knew the following spells:

 Your Spells              Type           Power      Damage    Failure   Level
a - Call Canine Familiar  Summ           32%        N/A       2%          3
b - Call Imp              Summ           64%        N/A       1%          2
c - Summon Small Mammal   Summ           100%       N/A       1%          1
d - Summon Blazeheart Go  Fire/Summ      24%        N/A       16%         4

Your spell library contained the following spells:

 Spells                   Type           Power      Damage    Failure   Level
 Shock                    Conj/Air       20%        1d4       12%         1
 Summon Lightning Spire   Summ/Air       18%        N/A       28%         4
 Frozen Ramparts          Ice            10%        1d2       34%         3
 Ozocubu's Armour         Ice            5%         N/A       34%         3
 Swiftness                Air            5%         N/A       34%         3
 Airstrike                Air            2%         2d(1-17)  75%         4
 Cause Fear               Hex            2%         N/A       75%         4
 Fireball                 Conj/Fire      5%         3d5       86%         5
 Metabolic Englaciation   Hex/Ice        2%         N/A       97%         5
 Dragon's Call            Summ           16%        N/A       100%        9


Dungeon Overview and Level Annotations

Branches:
Dungeon (5/15)
 Temple: D:4-7

Altars:
Ru
Vehumet
Wu Jian

Annotations:
D:4 3 runed translucent doors, NotYourErnst's ghost, amateur GrWn


Innate Abilities, Weirdness & Mutations

You have sharp claws.
You have razor-sharp teeth.
You have supernaturally acute eyesight. (SInv)
You are covered in thick fur. (AC +2)
Your paws help you pounce on unaware monsters.
You are incapable of wielding weapons or throwing items.
You cannot wear armour.
You gain extra lives every three experience levels.


Message History

You call for your canine familiar and it appears with a howl!
The howler monkey hoots and howls with incredible vigour!
You hear an angry hiss.
The howler monkey misses you. x2
The howler monkey barely misses your inugami.
Your inugami hits the howler monkey!
The howler monkey hoots and howls with incredible vigour!
Your inugami hits the howler monkey.
The howler monkey hits you but does no damage.
Your inugami hits the howler monkey.
Your inugami completely misses the howler monkey.
The howler monkey misses you. The gnoll hits you with a +0 flail!
The howler monkey attacks as it pursues you!
The howler monkey closely misses you.
Something completely misses your inugami.
Casting: Call Canine Familiar (dangerous; 2% risk of failure)
Confirm with . or Enter, or press ? or * to list all spells.
A tiny devil pulls itself out of the air.
The howler monkey hoots and howls with incredible vigour!
Your inugami barely misses the howler monkey.
Something hits your inugami.
The howler monkey completely misses you.
The steam dragon bites your inugami but does no damage.
The steam dragon claws your inugami but does no damage.
Your cerulean imp completely misses the howler monkey.
Your inugami hits the howler monkey. Something hits your inugami.
The howler monkey misses you. The steam dragon bites your inugami.
The steam dragon closely misses your inugami.
Your cerulean imp hits the howler monkey but does no damage.
Your inugami closely misses the howler monkey.
The howler monkey misses you. Something closely misses your inugami.
The howler monkey hits you. The steam dragon breathes steam at you.
The ball of steam misses your inugami.
The ball of steam hits the howler monkey!
The howler monkey dies!
The ball of steam hits you!!
Ouch! That really hurt!
You die...

......#..+.....?.#............###
......#..+.....".#[.#########.# #
..§......#.......#..# #.# #
§.§.§##..#...WS..#..## #.#
§..§.##..#########..(## #.#
.§§§>.................## #.#
.[...##.[..............## #.###
..######...#.Dh§5.......## #....
### #..###.#g#@........# #####
#...##..##.........#
#....>.###.........#
######...##..###.......##
#.............#.÷.....###
#.##.#..##..##.##.).....##
#.##.#..##..#####)####...#
#.##....##.....##)# #...#
#......###........# #...#


You could see NotYourErnst's ghost, a ball python, a friendly cerulean imp
(summoned) and a friendly inugami (summoned).

Vanquished Creatures
  3 bats
  A jackal (D:1)
  A kobold (D:1)
  3 rats
8 creatures vanquished.

Vanquished Creatures (collateral kills)
  An ice beast (D:5)
  An ogre (D:4)
  A centaur (D:4)
  A bullfrog (D:4)
  A howler monkey (D:5)
  2 hounds
  A jelly (D:5)
  2 gnoll boudas
  An iguana (D:4)
  12 gnolls
  2 adders (D:3)
  A dart slug (D:4)
  4 orcs (D:3)
  3 ball pythons
  4 bats
  14 endoplasms
  4 giant cockroaches
  6 goblins
  8 hobgoblins
  7 jackals
  5 kobolds
  3 quokkas
  3 frilled lizards
  5 rats
92 creatures vanquished.

Vanquished Creatures (others)
  A howler monkey (D:4)
1 creature vanquished.

Grand Total: 101 creatures vanquished

Notes
Turn   | Place    | Note
-------+----------+-------------------------------------------
     0 | D:1      | Autsider the Felid Summoner began the quest for the Orb.
     0 | D:1      | Reached XP level 1. HP: 9/9 MP: 4/4
   187 | D:1      | Reached XP level 2. HP: 13/13 MP: 6/6
   194 | D:1      | Learned a level 2 spell: Call Imp
   597 | D:1      | Reached XP level 3. HP: 16/16 MP: 5/8
   601 | D:1      | Learned a level 3 spell: Call Canine Familiar
  1164 | D:2      | Found a faded altar of an unknown god.
  1820 | D:3      | Reached XP level 4. HP: 21/21 MP: 3/9
  1820 | D:3      | Gained a life (2 lives remaining)
  1842 | D:3      | Reached skill level 5 in Summonings
  2612 | D:4      | Found a runed translucent gate.
  2613 | D:4      | Found a runed translucent gate.
  2614 | D:4      | Found a runed translucent gate.
  2616 | D:4      | Noticed NotYourErnst's ghost (amateur GrWn)
  2763 | D:4      | Noticed an ogre
  2777 | D:4      | Killed an ogre
  2778 | D:4      | Reached XP level 5. HP: 24/24 MP: 5/12
  2783 | D:4      | Learned a level 4 spell: Summon Blazeheart Golem
  2799 | D:4      | Noticed a steam dragon
  2882 | D:4      | HP: 1/24 [bullfrog (4)]
  2883 | D:4      | Mangled by a bullfrog
  2883 | D:4      | Lost a life (1 life remaining)
  2899 | D:4      | Gained mutation: You are covered in thick fur. (AC +2)
                  | [Felid growth]
  2899 | D:4      | Reached XP level 6. HP: 28/28 MP: 7/13
  2925 | D:4      | Reached skill level 6 in Summonings
  2925 | D:4      | Reached skill level 1 in Fire Magic
  3018 | D:4      | Found an ornate altar of the Wu Jian Council.
  3028 | D:4      | Found a sacrificial altar of Ru.
  3029 | D:4      | Found a radiant altar of Vehumet.
  3454 | D:4      | Killed from afar by a steam dragon
  3454 | D:4      | Lost a life (0 lives remaining)
  3461 | D:5      | Entered Level 5 of the Dungeon
  3505 | D:5      | Noticed an ice beast
  3545 | D:5      | Killed an ice beast
  3546 | D:5      | Reached XP level 7. HP: 21/32 MP: 6/15
  3546 | D:5      | Gained a life (1 life remaining)
  3644 | D:5      | Reached skill level 5 in Spellcasting
  3792 | D:4      | Killed from afar by a steam dragon
  3792 | D:4      | Lost a life (0 lives remaining)
  4058 | D:4      | Killed from afar by a steam dragon

Illustrated notes

Levels and vault maps discovered:
D:1:      dpeg_arrival_circle_labyrinth_c, layout_basic
D:2:      layout_basic, ebering_ecumenical_altar_abandoned
D:3:      layout_basic
D:4:      layout_loops_cross, minitemple, gammafunk_ghost_split
D:5:      layout_cave_pools, slow_altar_1, ashenzari_conservatory_becter,
          serial_gnoll_camp, gnoll_camp_mini_hut, gnoll_camp_mini_doghouse,
          gnoll_camp_mini_shop, gnoll_camp_medium_02, gnoll_camp_mini_house,
          gnoll_camp_huts_moat, serial_shops, nicolae_shop_drivethru,
          minivault_1, roderic_filled_cross

Skill      XL: |  1  2  3  4  5  6  7 |
---------------+----------------------+-----
Spellcasting   | 3 4 5 |  5.2
Summonings     | 5 6 |  6.7
Fire Magic     | 2 |  2.9
Dodging        | |  2.6
Stealth        | |  2.6

Action                     |  1- 3 |  4- 6 |  7- 9 || total
---------------------------+-------+-------+-------++-------
  Melee: Unarmed           |    17 |     9 |       ||    26
         Bite              |     1 |     2 |       ||     3
   Cast: Summon Small Mamm |    11 |    10 |       ||    21
         Call Imp          |    11 |    14 |     8 ||    33
         Call Canine Famil |    13 |    27 |     6 ||    46
   Stab: Sleeping          |     1 |       |       ||     1
         Distracted        |       |     1 |       ||     1
 Armour: Skin              |    16 |    18 |    17 ||    51
  Dodge: Dodged            |    37 |    38 |    38 ||   113

Table legend: (Time is in decaauts)
 A = Elapsed time spent in this place.
 B = Non-inter-level travel time spent in this place.
 C = Inter-level travel time spent in this place.
 D = Time resting spent in this place.
 E = Time spent auto-exploring this place.
 F = Levels seen in this place.
 G = Mean time per level.
                   A        B        C        D        E       F      G
               +--------+--------+--------+--------+--------+-----+--------+
         Total |   4058 |   3851 |    207 |    492 |   2287 |   5 |  811.6 |
       Dungeon |   4058 |   3851 |    207 |    492 |   2287 |   5 |  811.6 |
               +--------+--------+--------+--------+--------+-----+--------+

Top non-repeatable levels by time:
     D:1: 1030 daAuts
     D:3: 1016 daAuts
     D:4: 985 daAuts
     D:2: 715 daAuts
     D:5: 311 daAuts
